 Dungeon Crawl Stone Soup version 0.25-a0-316-gd28d56f9c5 (webtiles) character file.

Game seed: 17817158915530836794, levelgen mode: classic

490 Borgoz the Cudgeler (level 7, 0/63 HPs)
             Began as a Gargoyle Gladiator on Dec 24, 2019.
             Was an Initiate of Okawaru.
             Slain by a gnoll
             ... wielding a +0 halberd
              (6 damage)
             ... on level 4 of the Dungeon on Dec 25, 2019.
             The game lasted 00:03:16 (2195 turns).

Borgoz the Cudgeler (Gargoyle Gladiator)            Turns: 2195, Time: 00:03:16

Health: 0/63       AC: 12    Str: 22    XL:     7   Next: 14%
Magic:  7/7        EV: 13    Int:  9    God:    Okawaru [......]
Gold:   153        SH:  0    Dex: 13    Spells: 6/6 levels left

rFire    . . .     SeeInvis .   a - +1 flail
rCold    . . .     Gourm    .   (no shield)
rNeg     + . .     Faith    .   g - +0 ring mail
rPois    ∞         Spirit   .   c - +0 helmet
rElec    +         Reflect  .   (no cloak)
rCorr    .         Harm     .   (no gloves)
MR       .....                  k - +0 pair of boots
Stlth    ..........             (no amulet)
HPRegen  0.20/turn              (no ring)
MPRegen  0.10/turn              (no ring)

@: berserking, glowing, very quick
A: negative energy resistance 1, electricity resistance, unbreathing,
petrification resistance, rot immunity, AC +4
a: Renounce Religion


You were on level 4 of the Dungeon.
You worshipped Okawaru.
Okawaru was noncommittal.
You were hungry.

You visited 1 branch of the dungeon, and saw 4 of its levels.

You collected 153 gold pieces.

Inventory:

Hand Weapons
 a - a +1 flail (weapon)
Missiles
 d - a throwing net (quivered)
Armour
 c - a +0 helmet (worn)
 g - a +0 ring mail (worn)
 k - a +0 pair of boots (worn)
Scrolls
 i - 5 scrolls of identify {unknown}
 j - 2 scrolls of teleportation {unknown}
 m - a scroll of random uselessness {unknown}
 q - a scroll of remove curse
Potions
 l - 2 potions of might
 n - a potion of curing {unknown}
 o - 2 potions of heal wounds {unknown}
 p - a potion of mutation {unknown}
Comestibles
 b - 7 chunks of flesh
 f - 5 rations


   Skills:
 + Level 3.8 Fighting
 * Level 5.1 Maces & Flails
 - Level 1.7 Throwing
 + Level 2.9 Armour
 * Level 4.2 Dodging


You had 6 spell levels left.
You didn't know any spells.
Your spell library was empty.

Dungeon Overview and Level Annotations

Branches:
Dungeon (4/15)
 Temple: D:4-7

Altars:
Okawaru
Sif Muna
Trog


Innate Abilities, Weirdness & Mutations

You are resistant to torment.
Your stone body is resilient. (AC +4)
You are immune to poison.
You resist negative energy. (rN+)
You are resistant to electric shocks. (rElec)
You can survive without breathing.
You are immune to petrification.
You are immune to rotting.


Message History

The gnoll barely misses you. x2
You hit the gnoll.
The gnoll is severely wounded.
The gnoll hits you.
* * * LOW HITPOINT WARNING * * *
The gnoll hits you from afar with a +0 halberd.
* * * LOW HITPOINT WARNING * * *
The gnoll hits you but does no damage.
You barely miss the gnoll.
The gnoll is severely wounded.
The gnoll hits you from afar with a +0 halberd.
* * * LOW HITPOINT WARNING * * *
The gnoll hits you.
* * * LOW HITPOINT WARNING * * *
Unknown command.
It was a potion of berserk rage.
A red film seems to cover your vision as you go berserk!
You feel yourself moving faster!
You feel mighty!
The gnoll hits you from afar with a +0 halberd.
You die...

#..# ####.g# #...g.#
#g##.## ######
#g##... #<....
#g###### ############
#.# #[..........
#.########.##########
#.gg@......# #..
############ #.# # #
. ##


You could see 2 gnolls.

Vanquished Creatures
  Sigmund (D:3)
  A water moccasin (D:2)
  Crazy Yiuf (D:3)
  A gnoll shaman (D:4)
  Terence (D:3)
  A worker ant (D:3)
  2 gnolls (D:4)
  3 adders
  An ooze (D:1)
  A worm (D:2)
  2 dart slugs
  A leopard gecko (D:3)
  3 orcs (D:4)
  7 bats
  6 giant cockroaches
  8 hobgoblins
  8 jackals
  A ball python (D:1)
  2 frilled lizards
  3 goblins
  8 kobolds
  7 rats
69 creatures vanquished.

Notes
Turn   | Place    | Note
-------+----------+-------------------------------------------
     0 | D:1      | Borgoz the Gargoyle Gladiator began the quest for the Orb.
     0 | D:1      | Reached XP level 1. HP: 12/12 MP: 1/1
   142 | D:1      | Reached XP level 2. HP: 12/17 MP: 2/2
   561 | D:2      | Reached XP level 3. HP: 19/22 MP: 3/3
   909 | D:2      | Reached skill level 1 in Armour
  1011 | D:2      | Reached XP level 4. HP: 23/27 MP: 4/4
  1300 | D:3      | Noticed a water moccasin
  1308 | D:2      | Killed a water moccasin
  1308 | D:2      | Reached skill level 4 in Maces & Flails
  1308 | D:2      | Reached XP level 5. HP: 32/32 MP: 5/5
  1500 | D:3      | Noticed Terence
  1508 | D:3      | Killed Terence
  1508 | D:3      | Reached XP level 6. HP: 34/37 MP: 6/6
  1535 | D:3      | Found a shimmering blue altar of Sif Muna.
  1653 | D:3      | Found a runed translucent door.
  1654 | D:3      | Noticed Crazy Yiuf
  1705 | D:3      | Noticed Sigmund
  1725 | D:3      | Killed Sigmund
  1780 | D:3      | Found an iron altar of Okawaru.
  1781 | D:3      | Found a bloodstained altar of Trog.
  1931 | D:3      | Became a worshipper of Warmaster Okawaru
  2014 | D:3      | Killed Crazy Yiuf
  2014 | D:3      | Reached skill level 5 in Maces & Flails
  2014 | D:3      | Reached XP level 7. HP: 42/42 MP: 7/7
  2195 | D:4      | Slain by a gnoll

Levels and vault maps discovered:
D:1:      co_arrival_square_in_a_square_in_a_square, layout_basic
D:2:      minmay_alternating_diamond, layout_loops_ring, item_on_display_a
D:3:      layout_rooms, overflow_temple_1_default,
          gammafunk_temple_overflow_statue, uniq_terence,
          uniq_crazy_yiuf_cottage, uniq_sigmund
D:4:      layout_basic, lemuel_zombie_altar_yredelemnul, first_ration,
          corexii_shack, uniq_pikel, uniq_robin

Skill      XL: |  1  2  3  4  5  6 |
---------------+-------------------+-----
Armour         | 1 2 |  2.9
Dodging        | 3 4 |  4.2
Fighting       | 3 |  3.8
Maces & Flails | 4 5 |  5.1
Throwing       | |  1.7

Action                   |  1- 3 |  4- 6 |  7- 9 || total
-------------------------+-------+-------+-------++-------
Melee: Flail             |   133 |    99 |    52 ||   284
Throw: Throwing net      |       |     2 |       ||     2
  Use: Scroll            |     1 |       |     2 ||     3
       Potion            |       |     1 |     1 ||     2
 Stab: Held in net/web   |       |     1 |       ||     1
  Eat: Chunk             |     1 |     3 |       ||     4
Armor: Leather armour    |    49 |       |       ||    49
       Ring mail         |    22 |    81 |    35 ||   138
Dodge: Dodged            |   111 |   117 |    40 ||   268

Table legend:
 A = Non-vault XP
 B = Vault XP
 C = Vault XP percentage of total XP
 D = Non-vault monster count
 E = Vault monster count
 F = Vault count percentage of total count
                 A         B        C        D         E       F
            +---------+---------+-------+---------+---------+-------
      Total |     381 |     319 |  45.6 |      64 |       5 |   7.2
            +---------+---------+-------+---------+---------+-------
        D:1 |      32 |       0 |   0.0 |      17 |       0 |   0.0
        D:2 |     182 |      15 |   7.6 |      22 |       2 |   8.3
        D:3 |      89 |     304 |  77.4 |      19 |       3 |  13.6
        D:4 |      78 |       0 |   0.0 |       6 |       0 |   0.0
            +---------+---------+-------+---------+---------+-------
